 Dungeon Crawl Stone Soup version 0.31.0-12-g77e489cdc1 (webtiles) character file.

Game seed: 8786656621367208093

59 Raydon1206 the Insei (level 3, -3/27 HPs)
             Began as a Demonspawn Shapeshifter on Feb 19, 2024.
             Slain by Terence
             ... wielding a +0 trident
              (5 damage)
             ... on level 3 of the Dungeon on Feb 20, 2024.
             The game lasted 00:08:45 (2290 turns).

Raydon1206 the Insei (Demonspawn Shapeshifter)      Turns: 2290, Time: 00:08:45

Health: -3/27      AC:  2    Str: 14    XL:     3   Next: 78%
Magic:  3/3        EV: 12    Int: 10    God:
Gold:   130        SH:  0    Dex: 14    Spells: 2/2 levels left

rFire   . .          .
                       - Unarmed
rCold   . . .        (no shield)
rNeg    . . .        a - +0 animal skin
rPois   .            (helmet currently unavailable)
rElec   .            (cloak currently unavailable)
rCorr   .            (gloves currently unavailable)
SInv    +            (boots currently unavailable)
Will    .....        e - amulet of the acrobat
Stlth   +            n - ring of see invisible
HPRegen 0.24/turn    (no ring)
MPRegen 0.08/turn

%: acrobat
@: beast-form
A: beast (slay +1), powered by pain 1
a: Begin Untransformation


You were on level 3 of the Dungeon.
You were a hulking beast.
You visited 1 branch of the dungeon, and saw 3 of its levels.

You collected 130 gold pieces.

Inventory:

Hand Weapons
 q - a +0 short sword of speed
Armour
 a - a +0 animal skin (worn)
Magical Staves
 k - a staff of fire
Jewellery
 e - an amulet of the acrobat (around neck)
 h - a ring of magical power
 n - a ring of see invisible (left hand)
Talismans
 c - a beast talisman (active)
 d - a flux talisman
Scrolls
 f - a scroll of silence {unknown}
 l - a scroll of identify {unknown}
Potions
 b - a potion of lignification
 g - a potion of enlightenment {unknown}
 i - a potion of attraction {unknown}
 j - 2 potions of resistance {unknown}
 m - 3 potions of heal wounds {unknown}
 o - a potion of brilliance {unknown}


   Skills:
 * Level 1.8 Fighting
 + Level 2.0 Dodging
 + Level 3.4 Unarmed Combat
 + Level 3.1 Shapeshifting


You had 2 spell levels left.
You didn't know any spells.
Your spell library contained the following spells:

 Spells                   Type           Power      Damage    Failure   Level
 Dazzling Flash           Conj/Hex       0%         N/A       75%         3
 Mephitic Cloud           Conj/Alch/Air  0%         N/A       75%         3
 Curse of Agony           Necr           0%         N/A       100%        5
 Silence                  Hex/Air        0%         N/A       100%        5


Dungeon Overview and Level Annotations

Branches:
Dungeon (3/15)

Altars:

Annotations:
D:3 Terence


Innate Abilities, Weirdness & Mutations

You are a hulking beast.
Your limbs bulge with bestial killing power. (Slay +1)
You sometimes gain a little power by taking damage.


Message History

Terence is lightly wounded.
The bat closely misses you. Terence misses you.
The hobgoblin barely misses you.
You hit Terence but do no damage. The bat barely misses you.
The hobgoblin hits you. Terence hits you with a +0 trident.
You hit Terence.
Terence is moderately wounded.
The bat barely misses you. The hobgoblin barely misses you.
Terence asks, "Do you want it fast or slow?"
Terence closely misses you.
You hit Terence but do no damage.
Terence is moderately wounded.
The bat hits you. The bat completely misses you. Terence barely misses you.
The hobgoblin barely misses you.
You hit Terence.
Terence is heavily wounded.
The bat closely misses you. The hobgoblin barely misses you.
Terence barely misses you.
You barely miss Terence.
Terence is heavily wounded.
The bat barely misses you.
Terence shouts, "Get ready for death!"
Terence hits you with a +0 trident!
* * * LOW HITPOINT WARNING * * *
The hobgoblin barely misses you. The bat barely misses you.
Terence completely misses you.
The hobgoblin attacks as it pursues you!
The hobgoblin closely misses you. The bat completely misses you.
The bat barely misses you.
You are too injured to fight recklessly!
You are too injured to fight recklessly!
You are too injured to fight recklessly!
You hit the bat.
You kill the bat!
You closely miss the hobgoblin. The hobgoblin hits you.
* * * LOW HITPOINT WARNING * * *
Terence hits you from afar with a +0 trident.
You die...
Terence says, "Rest in peace."

#......?.# #........#
.##........##
.....#......#
#$.......# ###......# #
#.@##### #.
##.g############
#.#+######.h.##.......#
#.........##..).......#
#.........####.........
#........# #.........
#.##........#
####......
#...........######
.#####
#######'##..........#
#<##......... #
####.........


You could see Terence and a hobgoblin.

Vanquished Creatures
  2 adders (D:2)
  An orc (D:3)
  2 endoplasms
  2 giant cockroaches
  5 goblins
  A hobgoblin (D:1)
  4 jackals (D:1)
  6 kobolds (D:2)
  2 quokkas (D:1)
  2 ball pythons
  4 bats
  3 frilled lizards (D:2)
  4 rats (D:2)
38 creatures vanquished.

Notes
Turn   | Place    | Note
-------+----------+-------------------------------------------
     0 | D:1      | Raydon1206 the Demonspawn Shapeshifter began the quest for
                  | the Orb.
     0 | D:1      | Reached XP level 1. HP: 15/15 MP: 1/1
   224 | D:1      | Gained mutation: You sometimes gain a little power by
                  | taking damage. [demonic ancestry]
   224 | D:1      | Reached XP level 2. HP: 17/21 MP: 2/2
   955 | D:2      | Reached XP level 3. HP: 26/26 MP: 3/3
  2272 | D:3      | Noticed Terence
  2290 | D:3      | Slain by Terence

Illustrated notes

Levels and vault maps discovered:
D:1:      tekkud_arrival_beachfront_property, layout_basic,
          minmay_misc_feat_tiny, serial_bayou_lake_a
D:2:      layout_basic, minivault_19, st_stairs_10, lexackson_kobold_supper
D:3:      layout_basic, uniq_terence

Skill      XL: |  1  2  3 |
---------------+----------+-----
Unarmed Combat | 3 |  3.4
Shapeshifting  | 3 |  3.1
Dodging        | 2 |  2.0
Fighting       | |  1.8

Action                     || total
---------------------------++-------
  Melee: Unarmed           ||   132
         Punch             ||     4
 Armour: Animal skin       ||    54
  Dodge: Dodged            ||    80
   Form: Beast             ||     1
